 Dungeon Crawl Stone Soup version 0.14-a0-1707-g75daffb (webtiles) character file.

108386 PolkaDot the Maledictor (level 16, 0/111 HPs)
             Began as a Vampire Enchanter on Dec 31, 2013.
             Was the Champion of Ashenzari.
             Killed from afar by a bog body (1 damage)
             ... with a bolt of cold
             ... on Level 5 of the Swamp.
             The game lasted 03:16:17 (32222 turns).

PolkaDot the Maledictor (Vampire Enchanter)        Turns: 32222, Time: 03:16:17

HP   0/111       AC 11     Str  8      XL: 16   Next:  0%
MP  23/29        EV 24     Int 18      God: Ashenzari [******]
Gold 841         SH 12     Dex 20      Spells: 10 memorised,  1 level left

rFire  + . .     SeeInvis +     u - +2,+1 orc dagger (elec) (curse)
rCold  + + +     Clarity  +     K - +0 robe "Kuguraol" {rC+ Int+1}
rNeg   + + +     Conserve .     I - +0 elf buckler (curse)
rPois  +         rCorr    .     (no helmet)
rElec  +         rRot     +     l - +0 cloak
SustAb . .       Spirit   .     B - +2 pair of gloves (curse)
rMut   .         Warding  +     v - +0 pair of boots (curse)
Saprov . . .     Stasis   .     H - cursed amulet of warding
                                e - cursed ring of the Pure Deaths {rElec rF+ rC+}
                                q - cursed +4 ring of protection

@: non-regenerating, very slightly contaminated, slowed, very slow, quite
resistant to hostile enchantments, uncannily stealthy
A: bottle blood, fangs 3, see invisible, agile 1, unbreathing
a: Bat Form, Bottle Blood, Scrying, Transfer Knowledge, Renounce Religion


You were on level 5 of the Swamp.
You worshipped Ashenzari.
Ashenzari was exalted by your worship.
You were bloodless.

You visited 4 branches of the dungeon, and saw 30 of its levels.
You visited 1 bazaar.
You also visited: Labyrinth, Bailey and Ice Cave.

You collected 2225 gold pieces.
You spent 1384 gold pieces at shops.

Inventory:

Hand weapons
 u - a cursed +2,+1 orcish dagger of electrocution (weapon)
Armour
 l - a +0 cloak (worn)
 v - a cursed +0 pair of boots (worn)
 B - a cursed +2 pair of gloves (worn)
 I - a cursed +0 elven buckler (worn)
 K - the cursed +0 robe "Kuguraol" (worn) {rC+ Int+1}
   (You bought it in a shop in a bazaar)

   It affects your intelligence (+1).
   It protects you from cold.
   It has a curse placed upon it.
Magical devices
 r - a wand of heal wounds (5)
 t - a wand of teleportation (3)
Scrolls
 a - a scroll of remove curse
 b - a scroll of curse weapon
 d - a scroll of blinking
 f - 2 scrolls of immolation
 h - 3 scrolls of fear
 i - 3 scrolls of identify
 n - 2 scrolls of teleportation
 o - a scroll of enchant weapon II
 C - 3 scrolls of fog
Jewellery
 e - the cursed ring of the Pure Deaths (right hand) {rElec rF+ rC+}
   (You found it on level 8 of the Lair of Beasts)

   [ring of protection from fire]

   It protects you from cold.
   It insulates you from electricity.
   It has a curse placed upon it.
 q - a cursed +4 ring of protection (left hand)
 H - a cursed amulet of warding (around neck)
Potions
 c - a potion of restore abilities
 g - a potion of resistance
 m - a potion of invisibility
 p - a potion of speed
 w - 2 potions of agility
 x - 3 potions of brilliance
 z - 4 potions of curing
 E - 3 potions of heal wounds
 F - a potion of might
Books
 j - a book of Control

   Spells                             Type                      Level
   Control Teleport                   Charms/Translocation         4
   Control Undead                     Necromancy                   4
   *Enslavement                       Hexes                        4
   Mass Confusion                     Hexes                        6
   Metabolic Englaciation             Hexes/Ice                    6
 D - a book of Air

   Spells                             Type                      Level
   Shock                              Conjuration/Air              1
   Swiftness                          Charms/Air                   2
   *Repel Missiles                    Charms/Air                   2
   *Flight                            Charms/Air                   3
   Static Discharge                   Conjuration/Air              3
   Lightning Bolt                     Conjuration/Air              5
 J - a book of Wizardry

   Spells                             Type                      Level
   Summon Elemental                   Summoning                    4
   Agony                              Necromancy                   5
   Force Lance                        Conjuration                  5
   Fireball                           Conjuration/Fire             5
   Haste                              Charms                       6
   *Invisibility                      Hexes                        6


   Skills:
 + Level 5.7 Fighting
 - Level 9.0(13.4) Short Blades
 - Level 0.7 Throwing
 - Level 10.0(12.8) Dodging
 + Level 21.3(23.4) Stealth
 - Level 2.2(4.6) Shields
 - Level 6.1 Spellcasting
 - Level 23.7(27) Hexes
 * Level 7.5(12.0) Charms


You had one spell level left.
You knew the following spells:

 Your Spells              Type           Power        Failure   Level  Hunger
a - Corona                Hex            #######      0%          1    None
b - Sure Blade            Hex/Chrm       ######....   0%          2    None
c - Confuse               Hex            #######.     0%          3    ##.....
d - Ensorcelled Hibernat  Hex/Ice        ######       1%          2    None
e - Enslavement           Hex            #######.     0%          4    ####...
i - Invisibility          Hex            #######.     1%          6    #######
q - Blink                 Tloc           N/A          14%         2    None
A - Apportation           Tloc           #.........   12%         1    None
D - Repel Missiles        Chrm/Air       ####......   1%          2    None
F - Flight                Chrm/Air       ####......   2%          3    ##.....


Dungeon Overview and Level Annotations

Branches:
Dungeon (16/16)            Temple (1/1) D:7             Orc (0/4) D:9
   Lair (8/8) D:8           Swamp (5/5) Lair:4        Snake (0/5) Lair:4
  Slime (0/6) Lair:8       Vaults (0/5) D:14         Depths (0/6) D:16

Altars:
Ashenzari
Elyvilon
Kikubaaqudgha
Makhleb
Nemelex Xobeh
Okawaru
Sif Muna
Trog
Vehumet
Xom
Yredelemnul
Zin
the Shining One

Shops:
D:8 (

Annotations:
D:8 Gastronok
Swamp:1 exclusion: Roxanne, Roxanne
Swamp:4 Frances, Mara
Swamp:5 Jorgrun


Innate Abilities, Weirdness & Mutations

You do not heal naturally.
You can bottle blood from corpses.
You have razor-sharp teeth.*
You have supernaturally acute eyesight.
You can survive without breathing.*
You are agile. (Dex +2)


Message History

Jorgrun hits you with a quarterstaff of crushing!
* * * LOW HITPOINT WARNING * * *
A bog body comes into view.
The swamp worm bites you.
The bog body begins to rapidly decay!
The bog body hits you!
* * * LOW HITPOINT WARNING * * *
The bog body touches you but does no damage.
The bog body casts a spell.
You smell decay.
Jorgrun hits you but does no damage.
You turn to flesh and can move again.
A swamp dragon and a bog body come into view.
The bog body's decay slows.
The swamp worm bites you!
* * * LOW HITPOINT WARNING * * *
The bog body mumbles some strange words.
You smell decay.
The bog body gestures at you while chanting.
The bolt of cold misses the bog body.
The bolt of cold hits you! You resist.
One of your 2 potions of speed freezes and shatters!
One of your 2 potions of might freezes and shatters!
You die...

*** ** ♣♣≈..§♣♣♣ ≈ ≈ **
♣♣≈≈§≈≈≈≈♣ * ,, +*, , ∆*
♣♣.≈≈≈≈≈≈≈♣♣ * ≈,≈≈ * ,,
∆#♣♣...≈≈≈≈≈≈≈♣♣♣ *≈,, ,*,,∆,
#≈≈≈(≈.≈≈≈♣§≈≈.♣♣ ,*,, ≈, ∆
{#..≈≈.≈≈≈≈♣≈≈≈≈.♣ , , ,, ,
##≈≈§≈≈≈≈≈≈♣.≈≈≈.♣♣ +* , +*
*#≈≈≈≈≈≈≈≈≈..≈≈≈≈.≈. ,
∆∆{{{{{#w@≈≈≈≈..≈?≈≈≈≈≈≈♣♣ , ≈
, ∆≈8{8{#§♣♣♣≈..≈.≈♣≈≈≈≈≈♣♣ ,,
,,,≈n..fDnDnq♣*♣.§≈.≈♣♣♣♣♣.≈.*
,,,≈ ,


DnllDnDn♣ f.≈w≈♣♣ **≈≈≈.♣ ,, ≈, ,,...flDDn≈ ♣≈≈≈≈.≈ *≈≈≈§.* ,,,,,,, 8.(D8.#≈♣
♣≈≈≈ ≈≈.<≈≈{.♣ ,, ,, .....#≈♣ ≈≈ ≈≈ ≈≈≈≈≈* * ,,,,,,,..#..§♣*≈{≈ ≈≈≈≈≈ ≈≈* , ,, ≈
, ,.≈f#.♣*,≈ ≈≈ ≈≈,, ,* You could see Jorgrun, a seven-headed hydra, 2
four-headed hydras, 3 swamp dragons, 4 bog bodies, a swamp worm and 2 swamp
drakes.

Vanquished Creatures
  Rupert (Swamp:2)
  Agnes (Swamp:3)
  Maud (Swamp:1)
  Louise (Swamp:5)
  A minotaur (Lab)
  4 vault guards (D:14)
  Fannar (D:12)
  Erica (D:12)
  5 alligators
  15 hydras
  10 death yaks (Lair:8)
  Josephine (D:10)
  4 centaur warriors
  A deep elf knight (Bailey)
  Erolcha (D:12)
  3 catoblepae (Lair:8)
  6 hill giants
  A giant amoeba (D:15)
  2 orc knights
  5 unseen horrors
  2 swamp dragons
  3 orc sorcerers (D:16)
  Pikel (D:8)
  A wolf spider (D:16)
  5 cyclopes
  2 griffons
  2 red wasps
  2 necromancers
  4 black mambas
  A black mamba (shapeshifter) (D:14)
  An eye of devastation (D:16)
  A yaktaur (shapeshifter) (D:16)
  4 feature mimics
  2 fire drakes
  A mermaid (shapeshifter) (D:13)
  13 spiny frogs
  2 deep elf priests (Bailey)
  8 trolls
  A naga mage (D:16)
  7 giant leeches
  Sonja (Swamp:1)
  A spriggan (D:8)
  A hydra skeleton (D:16)
  8 komodo dragons
  A brown ooze (shapeshifter) (D:16)
  17 blink frogs
  A trapdoor spider zombie (D:11)
  6 bog bodies
  14 slime creatures
  A raven (Swamp:1)
  2 griffon zombies
  3 formicids (D:14)
  A vampire (D:15)
  A wraith (D:16)
  4 ugly things (D:14)
  3 wyverns
  An elephant slug (Lair:8)
  7 deep elf fighters
  27 yaks
  15 hippogriffs
  2 shadows
  2 deep elf magi (Bailey)
  36 swamp worms
  Grum (D:13)
  2 manticores
  8 vampire mosquitoes
  A hungry ghost (D:13)
  5 swamp drakes
  9 wolves
  A soldier ant (D:12)
  A soldier ant (shapeshifter) (D:14)
  15 freezing wraiths
  9 porcupines
  8 sky beasts
  23 orc warriors
  3 giant goldfish
  2 black bears
  2 phantoms
  22 crocodiles
  A spriggan simulacrum (IceCv)
  A boring beetle (Lair:8)
  Sigmund (D:3)
  2 big kobolds
  A warg (D:16)
  2 yaktaur zombies
  A giant slug (Lair:8)
  10 agate snails
  A giant slug zombie (D:14)
  32 insubstantial wisps
  21 centaurs
  A manticore zombie (D:10)
  5 jellies
  23 water moccasins
  A wyvern skeleton (D:8)
  A wyvern zombie (D:6)
  A cyclops zombie (D:10)
  An eye of draining (D:13)
  A swamp dragon simulacrum (IceCv)
  8 jellyfish
  20 killer bees
  A yak skeleton (D:10)
  Duvessa (D:8)
  4 electric eels
  5 ogres
  13 crimson imps
  13 wights
  2 draconian simulacra (IceCv)
  Dowan (D:8)
  7 orc priests
  A centaur skeleton (D:8)
  A giant frog skeleton (D:13)
  A cyclops simulacrum (D:14)
  21 giant frogs
  A scorpion (D:13)
  7 worker ants
  6 iguanas
  9 troll simulacra (IceCv)
  8 hounds
  2 polar bear simulacra (IceCv)
  5 big fish
  A wolf simulacrum (IceCv)
  5 sheep
  10 orc wizards
  2 centaur simulacra (IceCv)
  3 goliath beetles
  17 ice beasts
  A hound skeleton (D:8)
  A mummy (D:11)
  Ijyb (D:3)
  Terence (D:2)
  15 green rats
  24 adders
  2 ogre simulacra (IceCv)
  12 white imps (IceCv)
  4 naga simulacra (IceCv)
  3 giant mites
  4 worms
  3 giant eyeballs
  8 giant geckos
  45 orcs
  A ball python (D:3)
  4 giant centipedes
  5 giant cockroaches
  15 goblins
  17 hobgoblins
  25 kobolds
  2 oozes
  14 quokkas
  4 training dummies (D:8)
  14 bats
  4 giant newts
  A hobgoblin skeleton (D:3)
  16 jackals
  An orc skeleton (D:6)
  2 orc zombies (D:10)
  A quokka zombie (D:7)
  13 rats
  A fungus (Lair:7)
941 creatures vanquished.

Vanquished Creatures (collateral kills)
  A spriggan (shapeshifter) (D:16)
  2 centaurs (D:15)
  A giant frog (D:14)
  3 jellies (Lair:8)
7 creatures vanquished.

Vanquished Creatures (others)
  2 slaves (D:8)
  2 rats (D:8)
  A butterfly (D:8)
  4 fungi (Lair:8)
  A plant (Lair:8)
10 creatures vanquished.

Grand Total: 958 creatures vanquished

Notes
Turn   | Place    | Note
--------------------------------------------------------------
     0 | D:1      | PolkaDot, the Vampire Enchanter, began the quest for the Orb.
     0 | D:1      | Reached XP level 1. HP: 13/13 MP: 3/3
   292 | D:1      | Reached skill level 1 in Fighting
   294 | D:1      | Reached XP level 2. HP: 16/21 MP: 4/4
   737 | D:2      | Noticed Terence
   745 | D:2      | Killed Terence
   745 | D:2      | Reached XP level 3. HP: 22/27 MP: 6/6
  1448 | D:3      | Found a white marble altar of Elyvilon.
  1506 | D:3      | Reached XP level 4. HP: 33/33 MP: 7/7
  1567 | D:3      | Noticed Sigmund
  1570 | D:3      | Killed Sigmund
  1570 | D:3      | Reached XP level 5. HP: 38/40 MP: 9/9
  1586 | D:3      | Learned a level 2 spell: Sure Blade
  1966 | D:3      | Noticed Ijyb
  1977 | D:3      | Killed Ijyb
  2049 | D:3      | Reached skill level 5 in Hexes
  2206 | D:3      | Reached skill level 5 in Stealth
  2573 | D:4      | Found a bloodstained altar of Trog.
  2609 | D:5      | Entered Level 5 of the Dungeon
  2609 | D:5      | Noticed a sky beast
  2611 | D:5      | Killed a sky beast
  2611 | D:5      | Reached skill level 6 in Hexes
  2611 | D:5      | Reached XP level 6. HP: 40/47 MP: 10/10
  2626 | D:5      | Paralysed by a giant eyeball for 3 turns
  2633 | D:5      | Paralysed by a giant eyeball for 2 turns
  3129 | D:5      | Reached skill level 7 in Hexes
  3133 | D:5      | Reached XP level 7. HP: 39/53 MP: 12/12
  3355 | D:5      | Noticed a sky beast
  3402 | D:5      | Killed a sky beast
  3591 | D:5      | Reached skill level 8 in Hexes
  3599 | D:5      | Learned a level 6 spell: Invisibility
  3723 | D:5      | Found a sparkling altar of Nemelex Xobeh.
  4548 | D:6      | Reached skill level 9 in Hexes
  5079 | D:6      | Reached skill level 10 in Hexes
  5079 | D:6      | Reached XP level 8. HP: 48/60 MP: 13/13
  5124 | D:6      | Learned a level 2 spell: Ensorcelled Hibernation
  5584 | D:6      | Reached skill level 11 in Hexes
  6146 | D:7      | Found a staircase to the Ecumenical Temple.
  6158 | Temple   | Entered the Ecumenical Temple
  6392 | Temple   | Became a worshipper of Ashenzari the Shackled
  6520 | D:8      | Noticed Gastronok
  6545 | D:8      | Found Godolott's Weapon Emporium.
  6556 | D:8      | Reached skill level 12 in Hexes
  6926 | D:8      | Noticed Pikel
  6940 | D:8      | Killed Pikel
  6940 | D:8      | Reached XP level 9. HP: 54/65 MP: 1/14
  7073 | D:9      | Reached skill level 13 in Hexes
  7483 | D:9      | Found a staircase to the Orcish Mines.
  7775 | D:10     | Entered Level 10 of the Dungeon
  7792 | D:10     | Noticed Josephine
  7818 | D:10     | Killed Josephine
  7818 | D:10     | Reached skill level 14 in Hexes
  8429 | D:10     | Reached skill level 10 in Stealth
  9332 | D:10     | Learned a level 3 spell: Confuse
  9342 | D:10     | Reached XP level 10. HP: 61/71 MP: 12/20
  9378 | D:10     | Reached skill level 15 in Hexes
  9641 | D:11     | Found a flagged portal.
  9648 | Bailey   | Entered a bailey
  9671 | Bailey   | Acquired Ashenzari's first power
  9838 | Bailey   | Noticed a deep elf knight
  9842 | Bailey   | Killed a deep elf knight
  9842 | Bailey   | Reached skill level 5 in Spellcasting
  9842 | Bailey   | Reached skill level 16 in Hexes
  9949 | Bailey   | Identified the Collected Works on Dislocation
 10329 | D:11     | Identified the +6,+8 short sword "Gharrarphi" {flame, rElec rF++ MR++ Dex+2}
 10476 | D:11     | Noticed a four-headed hydra
 10647 | D:11     | Reached skill level 5 in Short Blades
 10805 | D:11     | Learned a level 4 spell: Enslavement
 10939 | D:12     | Noticed Fannar
 10948 | D:12     | Killed Fannar
 10948 | D:12     | Reached skill level 17 in Hexes
 10948 | D:12     | Reached XP level 11. HP: 77/77 MP: 17/23
 11083 | D:12     | Noticed an unseen horror
 11092 | D:12     | Killed an unseen horror
 11097 | D:12     | Noticed Erolcha
 11099 | D:12     | Acquired Ashenzari's second power
 11107 | D:12     | Killed Erolcha
 11150 | D:12     | Noticed a hill giant
 11156 | D:12     | Killed a hill giant
 11275 | D:12     | Found an iron altar of Okawaru.
 11275 | D:12     | Noticed an orc knight
 11445 | D:12     | Noticed a centaur warrior
 11450 | D:12     | Noticed Erica
 11453 | D:12     | Killed a centaur warrior
 11458 | D:12     | Killed Erica
 11458 | D:12     | Reached skill level 18 in Hexes
 11562 | D:12     | Identified the +2,+5 falchion "Oturu" {slice, *Tele +Inv rF+ Dex+2}
 11598 | D:12     | Identified the +9,+9 lajatang "Pha Zin" {drain, +Rage rC+} (You took it off an orc warrior on level 12 of the Dungeon)
 11620 | D:12     | Killed an orc knight
 11773 | D:12     | Identified the cursed +3 buckler of Choadel {Str+3 Acc+2} (You took it off an orc warrior on level 12 of the Dungeon)
 12194 | D:13     | Noticed an unseen horror
 12194 | D:13     | Noticed an unseen horror
 12201 | D:13     | Killed an unseen horror
 12211 | D:13     | Killed an unseen horror
 12211 | D:13     | Reached XP level 12. HP: 47/83 MP: 14/24
 12339 | D:13     | Noticed Grum
 12340 | D:13     | Killed Grum
 12357 | D:13     | Reached skill level 19 in Hexes
 12910 | D:11     | Noticed a hill giant
 12913 | D:11     | Killed a hill giant
 13294 | D:8      | Acquired Ashenzari's third power
 13306 | D:8      | Noticed Dowan
 13308 | D:8      | Noticed Duvessa
 13315 | D:8      | Killed Dowan
 13319 | D:8      | Killed Duvessa
 13448 | D:8      | Noticed a fire drake
 13540 | D:8      | Found a staircase to the Lair.
 13546 | D:8      | Killed a fire drake
 13755 | Lair:1   | Entered Level 1 of the Lair of Beasts
 14564 | Lair:1   | Reached skill level 15 in Stealth
 15139 | Lair:2   | Noticed an eight-headed hydra
 15152 | Lair:2   | Killed an eight-headed hydra
 15152 | Lair:2   | Reached skill level 20 in Hexes
 15638 | Lair:3   | Found a frozen archway.
 15644 | Lair:3   | Reached skill level 1 in Shields
 15669 | IceCv    | Entered an ice cave
 16057 | IceCv    | Acquired Ashenzari's fourth power
 16894 | IceCv    | Found an ancient bone altar of Kikubaaqudgha.
 17629 | Lair:3   | Reached XP level 13. HP: 88/88 MP: 20/25
 18160 | Lair:4   | Found a staircase to the Swamp.
 18303 | Lair:4   | Reached skill level 21 in Hexes
 18341 | Lair:4   | Found a staircase to the Snake Pit.
 18861 | Lair:5   | Found a labyrinth entrance.
 18870 | Lab      | Entered a labyrinth
 19432 | Lab      | Identified the Handbook of the Boosting Compass
 20293 | Lair:6   | Reached skill level 5 in Dodging
 21515 | Lair:7   | Reached skill level 22 in Hexes
 22055 | Lair:7   | Learned a level 1 spell: Apportation
 22058 | Lair:7   | Learned a level 2 spell: Blink
 22332 | Lair:8   | Entered Level 8 of the Lair of Beasts
 22498 | Lair:8   | Found a staircase to the Slime Pits.
 22638 | Lair:8   | Reached XP level 14. HP: 95/95 MP: 26/26
 22788 | Lair:8   | Identified the ring of the Pure Deaths {rElec rF+ rC+}
 23008 | Lair:8   | Identified the cursed +0,+3 war axe of Governance {flame, Stlth+}
 23418 | Lair:8   | Reached skill level 23 in Hexes
 24190 | D:8      | Noticed a spriggan baker
 24192 | D:8      | Killed a spriggan baker
 24900 | D:14     | Found a gate to the Vaults.
 24900 | D:14     | Noticed a vault guard
 24900 | D:14     | Noticed a vault guard
 24900 | D:14     | Noticed a vault guard
 24901 | D:14     | Noticed a vault guard
 24908 | D:14     | a vault guard (ally) was killed
 24928 | D:14     | Killed a vault guard
 24988 | D:14     | Killed a vault guard
 25038 | D:14     | Killed a vault guard
 25587 | D:15     | Entered Level 15 of the Dungeon
 26001 | D:15     | Found a gateway to a bazaar.
 26013 | Bazaar   | Entered a bazaar
 26013 | Bazaar   | Found Kief's Armour Shoppe.
 26013 | Bazaar   | Found Skudit's Assorted Antiques.
 26014 | Bazaar   | Found Yhicsi's Book Emporium.
 26014 | Bazaar   | Found Wilun's Distillery.
 26016 | Bazaar   | Bought a scroll of identify for 86 gold pieces
 26016 | Bazaar   | Bought a scroll labeled DANINY SHIETU for 43 gold pieces
 26031 | Bazaar   | Bought a book of Air for 595 gold pieces
 26031 | Bazaar   | Bought a book of Wizardry for 510 gold pieces
 26038 | Bazaar   | Bought the cursed +0 robe "Kuguraol" {rC+ Int+1} for 150 gold pieces
 26053 | D:15     | Learned a level 2 spell: Repel Missiles
 26535 | D:15     | Identified a scroll of acquirement
 26536 | D:15     | Identified the cursed -4 ring mail of the City {Dex+5 Int+3} (You acquired it on level 15 of the Dungeon)
 26604 | D:15     | Gained mutation: You are agile. (Dex +2) [potion of beneficial mutation]
 26798 | D:16     | Entered Level 16 of the Dungeon
 27499 | D:16     | Reached XP level 15. HP: 97/100 MP: 25/27
 28055 | D:16     | Found a staircase to the Depths.
 28405 | Swamp:1  | Entered Level 1 of the Swamp
 28699 | Swamp:1  | Noticed Roxanne
 28955 | Swamp:1  | Noticed Maud
 28963 | Swamp:1  | Killed Maud
 28963 | Swamp:1  | Reached skill level 10 in Dodging
 28993 | Swamp:1  | Noticed Sonja
 29008 | Swamp:1  | Killed Sonja
 29315 | Swamp:1  | Learned a level 3 spell: Flight
 29380 | Swamp:2  | Reached skill level 1 in Charms
 29839 | Swamp:2  | Noticed Rupert
 29887 | Swamp:2  | Paralysed by Rupert for 4 turns
 29949 | Swamp:2  | Paralysed by Rupert for 3 turns
 29959 | Swamp:2  | Paralysed by Rupert for 3 turns
 29984 | Swamp:2  | Paralysed by Rupert for 2 turns
 30005 | Swamp:2  | Paralysed by Rupert for 6 turns
 30050 | Swamp:2  | Paralysed by Rupert for 2 turns
 30053 | Swamp:2  | Paralysed by Rupert for 3 turns
 30086 | Swamp:2  | Paralysed by Rupert for 5 turns
 30096 | Swamp:2  | Killed Rupert
 30673 | Swamp:3  | Reached skill level 5 in Charms
 30893 | Swamp:3  | Reached skill level 5 in Fighting
 31090 | Swamp:3  | Noticed Agnes
 31224 | Swamp:3  | Killed Agnes
 31673 | Swamp:4  | Noticed Frances
 31790 | Swamp:4  | Noticed Mara
 31799 | Swamp:5  | Entered Level 5 of the Swamp
 31799 | Swamp:5  | Noticed Louise
 31958 | Swamp:5  | Killed Louise
 32199 | Swamp:5  | Noticed Jorgrun
 32210 | Swamp:5  | Reached XP level 16. HP: 111/111 MP: 20/29
 32222 | Swamp:5  | HP: 1/111 [swamp worm (16)]
 32222 | Swamp:5  | Killed from afar by a bog body

Action                   |  1- 3 |  4- 6 |  7- 9 | 10-12 | 13-15 | 16-18 || total
-------------------------+-------+-------+-------+-------+-------+-------++-------
Melee: Dagger            |   118 |   136 |   532 |   390 |   755 |     2 ||  1933
 Cast: Sure Blade        |       |     1 |    16 |    14 |    22 |       ||    53
       Corona            |       |       |     5 |     2 |     5 |       ||    12
       Invisibility      |       |       |     9 |    22 |    39 |       ||    70
       Ensorcelled Hiber |       |       |    37 |    91 |   188 |       ||   316
       Confuse           |       |       |     2 |    29 |    39 |       ||    70
       Enslavement       |       |       |       |     5 |     9 |       ||    14
       Flight            |       |       |       |       |    27 |       ||    27
Invok: Scrying           |       |       |       |       |     1 |       ||     1
 Abil: End Transformatio |       |       |       |     1 |     4 |       ||     5
       Bat Form          |       |       |       |     1 |     4 |       ||     5
Evoke: Wand              |       |     9 |     2 |     6 |     5 |       ||    22
  Use: Potion            |     1 |     6 |     4 |     3 |     1 |       ||    15
       Scroll            |       |     6 |    15 |    12 |    19 |       ||    52
 Stab: Sleeping          |     7 |     8 |    51 |   220 |   320 |       ||   606
       Invisible         |       |       |    10 |    18 |    91 |     1 ||   120
       Distracted        |       |       |     1 |     2 |     7 |       ||    10
       Confused          |       |       |     2 |    13 |     9 |       ||    24
       Betrayed ally     |       |       |       |       |     1 |       ||     1
